 Dungeon Crawl Stone Soup version 0.28-a0-991-g956f0ee3d5 (webtiles) character file.

Game seed: 13160691445701667321

156989 demibob the Bludgeoner (level 17, -1/137 HPs)
             Began as a Demonspawn Gladiator on Dec 4, 2021.
             Was a Priest of Nemelex Xobeh.
             Slain by a salamander (10 damage)
             ... on level 4 of the Snake Pit.
             The game lasted 01:23:57 (35557 turns).

demibob the Bludgeoner (Demonspawn Gladiator)      Turns: 35557, Time: 01:23:57

Health: -1/137     AC: 51    Str: 21    XL:     17   Next: 11%
Magic:  29/29      EV:  3    Int: 13    God:    Nemelex Xobeh [***...]
Gold:   196        SH:  0    Dex: 16    Spells: 16/16 levels left

rFire   + . .      SeeInvis .   I - +0 morningstar (protect)
rCold   . . .      Faith    +   (no shield)
rNeg    . . .      Spirit   .   L - +8 orange crystal plate armour {Archmagi, Int+3 Clar}
rPois   +          Reflect  .   M - +2 helmet
rElec   .          Harm     .   X - +2 cloak {rCorr}
rCorr   +          Rampage  .   i - +0 pair of gloves
Will    +....      Archmagi +   (boots unavailable)
Stlth   .......... Clarity  +   x - amulet of Vuneu {Faith rF+}
HPRegen 0.32/turn               P - ring of poison resistance
MPRegen 0.21/turn               Y - +4 ring of slaying

@: lethally poisoned (-1 -> -7), about to teleport, sanguine armoured, slowed,
constricted, very slow
A: hooves 3, icemail 2, powered by death 1, sanguine armour 2, condensation
shield
a: Renounce Religion, Draw Escape, Draw Destruction, Draw Summoning, Draw Stack,
Triple Draw


You were on level 4 of the Snake Pit.
You worshipped Nemelex Xobeh.
Nemelex Xobeh was most pleased with you.
You visited 5 branches of the dungeon, and saw 28 of its levels.
You visited 1 bazaar.

You collected 2748 gold pieces.
You spent 2552 gold pieces at shops.


Innate Abilities, Weirdness & Mutations

You have hooves in place of feet.
A meltable icy envelope protects you from harm. (AC +0)
You regenerate a little health from kills.
When seriously injured, your blood forms thick armour. (AC +9)
A meltable shield of frost defends you. (SH +0)


   Skills:
 + Level 13.4 Fighting
 - Level 18.1 Maces & Flails
 - Level 1.7 Throwing
 + Level 17.5 Armour
 - Level 2.6 Dodging
 - Level 16.6 Invocations


You had 16 spell levels left.
You didn't know any spells.
Your spell library contained the following spells:

 Spells                   Type           Power      Damage    Failure   Level
 Animate Skeleton         Necr           0%         N/A       100%        1
 Foxfire                  Conj/Fire      0%         2x1d4     100%        1
 Freeze                   Ice            0%         1d3       100%        1
 Pain                     Necr           0%         1d4       100%        1
 Sandblast                Erth           0%         2d4       100%        1
 Slow                     Hex            0%         N/A       100%        1
 Corpse Rot               Necr/Air       0%         N/A       100%        2
 Passwall                 Tmut/Erth      0%         N/A       100%        2
 Poisonous Vapours        Pois/Air       0%         N/A       100%        2
 Confusing Touch          Hex            0%         N/A       100%        3
 Conjure Flame            Conj/Fire      0%         6-21      100%        3
 Frozen Ramparts          Ice            0%         1d2       100%        3
 Ignite Poison            Fire/Tmut/Pois 0%         N/A       100%        3
 Inner Flame              Hex/Fire       0%         N/A       100%        3
 Mephitic Cloud           Conj/Pois/Air  0%         N/A       100%        3
 Portal Projectile        Hex/Tloc       0%         N/A       100%        3
 Stone Arrow              Conj/Erth      0%         3d7       100%        3
 Swiftness                Air            0%         N/A       100%        3
 Vampiric Draining        Necr           0%         2d6       100%        3
 Airstrike                Air            0%         N/A       100%        4
 Dispel Undead            Necr           0%         3d6       100%        4
 Flame Wave               Conj/Fire      0%         2d4       100%        4
 Hailstorm                Conj/Ice       0%         3d3       100%        4
 Summon Lightning Spire   Summ/Air       0%         N/A       100%        4
 Blade Hands              Tmut           0%         N/A       100%        5
 Excruciating Wounds      Necr           0%         N/A       100%        5
 Freezing Cloud           Conj/Ice/Air   0%         6-21      100%        5
 Lightning Bolt           Conj/Air       0%         1d11      100%        5
 Death Channel            Necr           0%         N/A       100%        6
 Infestation              Necr           0%         N/A       100%        8
 Death's Door             Necr           0%         N/A       100%        9

Inventory:

Hand Weapons
 a - a +4 flail of venom
 I - a +0 morningstar of protection (weapon)
Missiles
 r - a curare-tipped dart {=f}
 v - 98 poisoned darts (quivered)
Armour
 i - a +0 pair of gloves (worn)
 o - a +0 kite shield
 w - a +2 plate armour of cold resistance
 L - the +8 orange crystal plate armour (worn) {Archmagi, Int+3 Clar}
   (You acquired it on level 3 of the Lair of Beasts)

   Int:       It affects your intelligence (+3).
   Clar:      It protects you against confusion.
 M - a +2 helmet (worn)
 T - a +0 pair of boots
 X - a +2 cloak of preservation (worn)
Jewellery
 d - an amulet of reflection
 j - the ring of Vushulie {*Corrode Will+++ Int+6 Dex+6 SInv}
   (You acquired it on level 3 of the Dungeon)

   [ring of dexterity]

   Int:       It affects your intelligence (+6).
   Dex:       It affects your dexterity (+6).
   SInv:      It lets you see invisible.
   *Corrode:  It may corrode you when you take damage.
   Will:      It greatly increases your willpower.
 p - an amulet of the acrobat
 x - the amulet of Vuneu (around neck) {Faith rF+}
   (You found it on level 1 of the Lair of Beasts)

   [amulet of faith]

   It allows you to gain divine favour quickly.
   rF:        It protects you from fire.
 D - a +6 ring of dexterity
 N - the amulet "Bikoreuf" {Faith *Corrode +Blink rN+ Will++}
   (You found it on level 12 of the Dungeon)

   [amulet of faith]

   It allows you to gain divine favour quickly.
   rN:        It protects you from negative energy.
   +Blink:    It lets you blink.
   *Corrode:  It may corrode you when you take damage.
   Will:      It greatly increases your willpower.
 P - a ring of poison resistance (left hand)
 S - a +6 ring of strength
 V - an amulet of magic regeneration
 Y - a +4 ring of slaying (right hand)
 Z - a ring of wizardry
Wands
 b - a wand of polymorph (18)
 n - a wand of iceblast (20)
 q - a wand of acid (13)
 y - a wand of charming (2)
 G - a wand of mindburst (6)
 O - a wand of flame (31)
 U - a wand of digging (6)
Scrolls
 c - 7 scrolls of identify {@r1}
 t - a scroll of blinking
 B - 15 scrolls of teleportation {@r2}
 E - 8 scrolls of enchant armour
 F - 3 scrolls of magic mapping
 Q - 4 scrolls of enchant weapon
 W - a scroll of fog
Potions
 f - 10 potions of attraction
 g - 6 potions of flight
 h - a potion of haste {@q3}
 k - 6 potions of brilliance
 l - 3 potions of berserk rage {!q}
 m - 8 potions of curing {@q1}
 s - 3 potions of ambrosia
 u - 3 potions of resistance
 z - 4 potions of might
 A - 2 potions of cancellation
 C - 7 potions of mutation
 J - 4 potions of invisibility
 K - 3 potions of magic
Miscellaneous
 H - a piece from Xom's chessboard (15/15)
 R - a box of beasts

Dungeon Overview and Level Annotations

Branches:
Dungeon (15/15)            Temple (1/1) D:7            Lair (6/6) D:10
  Swamp (0/4) Lair:2        Snake (4/4) Lair:3        Slime (0/5) Lair:5
    Orc (2/2) D:10            Elf (0/3) Orc:2        Vaults (0/5) D:13
 Depths (0/4) D:15

Altars:
Ashenzari
Cheibriados
Dithmenos
Elyvilon
Fedhas
Gozag
Hepliaklqana
Kikubaaqudgha
Makhleb
Nemelex Xobeh
Okawaru
Qazlal
Ru
Sif Muna
Trog
Uskayaw
Vehumet
Wu Jian
Xom
Yredelemnul
Zin
The Shining One
Beogh
Jiyva
Lugonu

Shops:
D:10 *   Orc:1 ?   Orc:2 **!(=[*   Snake:1 [   Snake:2 !*

Annotations:
D:5 1 runed translucent door
Snake:4 exclusion: door

*,,,,,.N.N.#N*▒▒'''
#.,,,,....,N▒**....
#.,,,,...,.▒*,,.≈≈≈
#.,,####*##*,*,.≈≈≈ #.*,.#
*,,*,*,,≈≈≈
#.##.####.**,*,,≈≈≈
#§§§|.....,**,,,≈≈≈
**######§S§§.....,****,,,,
**,.....§§@N§...▒*******+*+
**,,.....NNNN§..▒▒*,**,,,,,,
*,,,.....NNN§§.▒▒,,*,,,,,,,,
*,,,..........▒▒,,,,,*,,,,,,
*,,,..........▒,,,,*,,,,,,,,
*,,,..........▒,,**,***,,,,,
*,,,.........▒▒,,****≈**,≈≈≈
**,,........▒▒,,***≈≈≈≈**≈≈≈
**,,,,,,,,,*,,** *≈≈≈≈≈****


You could see 2 naga sharpshooters, 2 salamanders, an anaconda (poisoned), a
naga mage (fast) and 3 nagas.


Message History

The salamander hits you but does no damage.
The naga hits you but does no damage.
Okay, then.
Use which ability? (? or * to list)
You draw a card...
You have drawn the Cloud.
Clouds appear around you! The anaconda barely misses you.
The anaconda constricts you.
The naga hits you from afar with a +0 glaive!
* * * LOW HITPOINT WARNING * * *
The anaconda barely misses you. The anaconda constricts you.
* * * LOW HITPOINT WARNING * * *
The salamander hits you but does no damage.
The naga sharpshooter shoots an arrow.
The arrow hits you but does no damage.
The naga sharpshooter casts a spell.
The naga sharpshooter magically shoots an arrow.
The arrow hits you but does no damage. The naga hits you but does no damage.
The salamander hits you but does no damage.
The naga mage points at you and mumbles some strange words.
The bolt of poison hits you but does no damage.
You resist. The naga spits poison at you.
The splash of poison hits you but does no damage.
You are poisoned.
You resist.
The naga hits you from afar with a +0 glaive.
* * * LOW HITPOINT WARNING * * *
The anaconda bites you but does no damage.
The anaconda constricts you.
The salamander hits you from afar with a +0 spear!
You die...
Your body glows with a rainbow of weird colours and disappears.

Skill      XL: |  1  2  3  4  5  6  7  8  9 10 11 12 13 14 15 16 |
---------------+-------------------------------------------------+-----
Maces & Flails | 3 5 7 9 11 13 14 15 17 18 | 18.1
Invocations    | 8 11 12 14 16 | 16.6
Armour         | 3 6 9 11 13 15 17 | 17.5
Fighting       | 6 10 12 13 | 13.4
Throwing       | |  1.7
Dodging        | |  2.6

Action                   |  1- 3 |  4- 6 |  7- 9 | 10-12 | 13-15 | 16-18 || total
-------------------------+-------+-------+-------+-------+-------+-------++-------
Melee: Flail             |   101 |    34 |   238 |   541 |  1247 |   658 ||  2819
       Kick              |       |    13 |   108 |   269 |   500 |    40 ||   930
       Morningstar       |       |       |       |       |       |   238 ||   238
Throw: Throwing net      |       |     1 |     2 |       |       |       ||     3
       Dart              |       |       |       |    12 |     3 |       ||    15
Invok: Draw Destruction  |       |       |       |    14 |    38 |    12 ||    64
       Draw Summoning    |       |       |       |     4 |     9 |    10 ||    23
       Triple Draw       |       |       |       |     1 |     9 |     7 ||    17
       Draw Escape       |       |       |       |     1 |     3 |     1 ||     5
       Stack Five        |       |       |       |       |     1 |       ||     1
Evoke: Wand              |       |       |       |     9 |     2 |     4 ||    15
  Use: Potion            |     1 |     1 |       |     8 |     5 |     4 ||    19
       Scroll            |       |     2 |    10 |    14 |     9 |    13 ||    48
 Stab: Sleeping          |     1 |     1 |     2 |     1 |       |       ||     5
       Held in net/web   |       |       |     1 |       |       |       ||     1
       Invisible         |       |       |       |     4 |       |       ||     4
       Petrified         |       |       |       |       |     4 |       ||     4
       Distracted        |       |       |       |       |     3 |     2 ||     5
Armor: Leather armour    |    30 |     9 |    39 |    27 |       |       ||   105
       Plate armour      |       |       |       |   130 |       |       ||   130
       Crystal plate arm |       |       |       |    92 |   953 |   809 ||  1854
Dodge: Dodged            |    89 |    24 |   129 |   175 |   234 |   225 ||   876
Block: Other             |     8 |     7 |    28 |    60 |   144 |   127 ||   374

Levels and vault maps discovered:
D:1:      erik_arrival_cave_to_civilisation [erik_arrival_cave_to_hall],
          layout_basic, ebering_ecumenical_altar_hall, roderic_serpentine_path
D:2:      layout_basic, basic_altar
D:3:      layout_loops_ring, minmay_misc_feat_chi
D:4:      layout_loops_ring, eat_drink_and_be_merry_uskayaw, serial_bayou,
          serial_bayou_pond_e, serial_bayou_pond_e, serial_bayou_lagoon_a,
          serial_bayou_pond_c, sigmund_edmund_badplayer, uniq_pikel
D:5:      lemuel_insect_pit, layout_loops_corners
D:6:      cheibrodos_fzero, layout_loops_ring
D:7:      layout_rooms, minmay_temple_entry_enclosed_plants, minmay_starry_boxes
D:8:      layout_basic
D:9:      layout_long_grid, serial_co_window_serial, co_window_paths_a,
          co_window_corner_a, co_window_paths_a, co_window_of_opportunity_a,
          co_window_paths_b, co_window_broadway_a, co_window_of_opportunity_b,
          co_window_corner_ca, co_window_broadway_a, co_window_of_opportunity_c,
          co_window_4corner_a, glass_columns_a, glass_columns_b,
          glass_columns_b, minmay_fractal_squares_gapless_5
D:10:     layout_gridville, david_lair_shrubbed, erik_orc_3,
          nicolae_shop_overcharged_wands
D:11:     layout_loops_ring, nicolae_wu_jian_immortal_techniques
D:12:     gammafunk_corrupted_shrine, layout_irregular_city, dk_noncrumbling_2
D:13:     layout_irregular_city, david_vaults_4
D:14:     layout_loops_corners, glass_columns_c
D:15:     hangedman_depths_entry_try_elsewhere_first, layout_rooms
Temple:   kilobyte_greek_temple
Lair:1:   gammafunk_indiana_jones, layout_cave_pods
Lair:2:   layout_gridlike, minmay_swamp_entry_reptiles
Lair:3:   layout_hall_layers, guppyfry_snake_entry_island,
          minmay_shattered_shrine
Lair:4:   layout_gridlike, grunt_megastairs_2, infiniplex_staircase_pool_2,
          uniq_urug
Lair:5:   layout_regular_city, slime_altar_1, portal_ice_cave_entry_pillars_1,
          serial_bayou_shore_a
Lair:6:   minmay_lair_end_enchanted_forest, layout_misc_corridors,
          serial_bayou_shore_b
Snake:1:  layout_layer_cave, serial_shops, bzr_entry_water,
          nicolae_shop_hallway_stairs, nicolae_snake_gridmaze_spiral
Snake:2:  layout_gridlike, nicolae_snake_salamander_fort, minmay_shoptagon
Snake:3:  layout_gridlike, serial_bayou_pond_a, uniq_aizul, uniq_asterion
Snake:4:  grunt_snake_rune_pools, layout_rooms, nrook_guardian_serpent_ordinary
Orc:1:    layout_diamond_mine, basic_altar, serial_shops, shop_scrolls,
          nicolae_orc_lava_room
Orc:2:    st_orc_ogre_mass, layout_caves, serial_shops, nicolae_shop_trees,
          nicolae_specific_store, mines2_david

Notes
Turn   | Place    | Note
-------+----------+-------------------------------------------
     0 | D:1      | demibob the Demonspawn Gladiator began the quest for the
                  | Orb.
     0 | D:1      | Reached XP level 1. HP: 16/16 MP: 1/1
    51 | D:1      | Reached skill level 3 in Maces & Flails
   263 | D:1      | Gained mutation: When seriously injured, your blood forms
                  | armour. (AC +9) [demonic ancestry]
   263 | D:1      | Reached XP level 2. HP: 22/22 MP: 2/2
   384 | D:1      | Found a faded altar of an unknown god.
  1381 | D:2      | Found a shadowy altar of Dithmenos.
  1443 | D:2      | Gained mutation: A meltable shield of frost defends you.
                  | (SH +0) [demonic ancestry]
  1443 | D:2      | Reached XP level 3. HP: 20/27 MP: 3/3
  2211 | D:3      | Reached skill level 4 in Maces & Flails
  2342 | D:3      | Noticed an ogre
  2354 | D:3      | Killed an ogre
  2355 | D:3      | Reached skill level 5 in Maces & Flails
  2355 | D:3      | Gained mutation: You have large cloven feet. [demonic
                  | ancestry]
  2355 | D:3      | Reached XP level 4. HP: 7/33 MP: 4/4
  2698 | D:3      | Identified a scroll of acquirement
  2698 | D:3      | Acquired the ring of Vushulie {*Corrode Will+++ Int+6 Dex+6
                  | SInv}
  2891 | D:4      | Found a hide-covered altar of Uskayaw.
  2925 | D:4      | Gained mutation: You have hoof-like feet. [demonic
                  | ancestry]
  2925 | D:4      | Reached XP level 5. HP: 34/38 MP: 5/5
  3054 | D:4      | Noticed an ogre
  3056 | D:4      | Noticed Pikel
  3058 | D:4      | Noticed a lemure
  3061 | D:4      | Noticed a lemure
  3062 | D:4      | Noticed a lemure
  3067 | D:4      | Noticed a lemure
  3080 | D:3      | Killed Pikel
  3081 | D:3      | Reached skill level 7 in Maces & Flails
  3081 | D:3      | Gained mutation: You regenerate a little health from kills.
                  | [demonic ancestry]
  3081 | D:3      | Reached XP level 6. HP: 24/44 MP: 6/6
  3081 | D:3      | Reached XP level 7. HP: 27/50 MP: 7/7
  3402 | D:4      | Reached skill level 8 in Maces & Flails
  3458 | D:4      | Noticed Edmund
  3475 | D:4      | Killed Edmund
  3492 | D:4      | Noticed Sigmund
  3503 | D:4      | Killed Sigmund
  3504 | D:4      | Reached skill level 9 in Maces & Flails
  3504 | D:4      | Reached XP level 8. HP: 56/56 MP: 8/8
  3664 | D:5      | Entered Level 5 of the Dungeon
  4061 | D:5      | Reached skill level 10 in Maces & Flails
  4355 | D:5      | Found a runed translucent door.
  4357 | D:5      | Found a runed translucent door.
  4624 | D:5      | Reached skill level 11 in Maces & Flails
  4631 | D:5      | Reached XP level 9. HP: 57/61 MP: 9/9
  5113 | D:6      | Reached skill level 12 in Maces & Flails
  5462 | D:6      | Identified the +0 robe "Ypuheh" {rN+}
  6114 | D:7      | Reached skill level 13 in Maces & Flails
  6437 | D:7      | Identified 3 potions of resistance
  6658 | D:7      | Found a staircase to the Ecumenical Temple.
  6703 | Temple   | Entered the Ecumenical Temple
  6754 | Temple   | Became a worshipper of Nemelex Xobeh the Trickster
  7133 | D:8      | Gained mutation: When seriously injured, your blood forms
                  | thick armour. (AC +9) [demonic ancestry]
  7133 | D:8      | Reached XP level 10. HP: 67/67 MP: 10/10
  7275 | D:8      | Reached skill level 1 in Invocations
  7314 | D:8      | Reached skill level 2 in Invocations
  7979 | D:9      | Reached skill level 3 in Invocations
  7996 | D:9      | Reached * piety under Nemelex Xobeh
  8005 | D:9      | Noticed a gargoyle
  8018 | D:9      | Killed a gargoyle
  8264 | D:9      | Reached skill level 4 in Invocations
  8439 | D:9      | Received a gift from Nemelex Xobeh
  8809 | D:9      | Reached skill level 5 in Invocations
  8828 | D:9      | Reached skill level 14 in Maces & Flails
  8828 | D:9      | Reached skill level 6 in Invocations
  9026 | D:9      | Reached skill level 1 in Armour
  9030 | D:9      | Reached skill level 7 in Invocations
  9033 | D:9      | Reached skill level 2 in Armour
  9606 | D:9      | Reached skill level 3 in Armour
  9606 | D:9      | Reached skill level 8 in Invocations
  9831 | D:10     | Entered Level 10 of the Dungeon
  9900 | D:10     | Gained mutation: A meltable icy envelope protects you from
                  | harm. (AC +0) [demonic ancestry]
  9900 | D:10     | Reached XP level 11. HP: 72/72 MP: 17/17
  9924 | D:10     | Reached skill level 4 in Armour
  9928 | D:10     | Reached skill level 9 in Invocations
 10074 | D:10     | Noticed a centaur warrior
 10082 | D:10     | Killed a centaur warrior
 10155 | D:10     | Acquired a manual of Maces & Flails
 10178 | D:10     | Found Kuolaq's Overcharged Wands.
 10231 | D:10     | Reached skill level 5 in Armour
 10235 | D:10     | Reached ** piety under Nemelex Xobeh
 10400 | D:10     | Found a staircase to the Lair.
 10456 | D:10     | Reached skill level 10 in Invocations
 10561 | D:10     | Found a staircase to the Orcish Mines.
 10996 | Lair:1   | Entered Level 1 of the Lair of Beasts
 11594 | Lair:1   | Reached skill level 6 in Armour
 11599 | Lair:1   | Reached skill level 11 in Invocations
 11658 | Lair:1   | Noticed a five-headed hydra
 11665 | Lair:1   | Killed a five-headed hydra
 11666 | Lair:1   | Reached skill level 15 in Maces & Flails
 11666 | Lair:1   | Received a gift from Nemelex Xobeh
 11843 | Lair:1   | Noticed a seven-headed hydra
 11849 | Lair:1   | Killed a seven-headed hydra
 12257 | Lair:1   | Found a runed translucent door.
 12491 | Lair:1   | Found a runed translucent gate.
 12493 | Lair:1   | Found a runed translucent gate.
 12495 | Lair:1   | Found a runed translucent gate.
 12495 | Lair:1   | Found a runed translucent gate.
 12495 | Lair:1   | Found a runed translucent gate.
 12495 | Lair:1   | Noticed a lindwurm
 12495 | Lair:1   | Noticed a lindwurm
 12495 | Lair:1   | Noticed a boulder beetle
 12495 | Lair:1   | Noticed a boulder beetle
 12496 | Lair:1   | Found a runed translucent gate.
 12520 | Lair:1   | Killed a boulder beetle
 12521 | Lair:1   | Reached XP level 12. HP: 43/78 MP: 20/20
 12526 | Lair:1   | Killed a boulder beetle
 12786 | Lair:1   | Reached skill level 7 in Armour
 12786 | Lair:1   | Reached skill level 12 in Invocations
 12946 | Lair:1   | Identified the amulet of Vuneu {Faith rF+}
 13030 | Lair:2   | Reached *** piety under Nemelex Xobeh
 13030 | Lair:2   | Received a gift from Nemelex Xobeh
 13199 | Lair:2   | Received a gift from Nemelex Xobeh
 13234 | Lair:2   | Found a staircase to the Swamp.
 13822 | Lair:3   | Reached **** piety under Nemelex Xobeh
 13961 | Lair:3   | Noticed a four-headed hydra
 13968 | Lair:3   | Killed a four-headed hydra
 13969 | Lair:3   | Reached skill level 16 in Maces & Flails
 13994 | Lair:3   | Acquired the +8 orange crystal plate armour {Archmagi,
                  | Int+3 Clar}
 13994 | Lair:3   | Found the +8 orange crystal plate armour {Archmagi, Int+3
                  | Clar}
 14091 | Lair:3   | Noticed a catoblepas
 14109 | Lair:3   | Killed a catoblepas
 14110 | Lair:3   | Reached skill level 8 in Armour
 14238 | Lair:3   | Received a gift from Nemelex Xobeh
 14313 | Lair:3   | Received a gift from Nemelex Xobeh
 14586 | Lair:3   | Found a staircase to the Snake Pit.
 14743 | Lair:3   | Noticed a four-headed hydra
 14756 | Lair:3   | Killed a four-headed hydra
 15025 | Lair:4   | Received a gift from Nemelex Xobeh
 15027 | Lair:4   | Reached skill level 17 in Maces & Flails
 15105 | Lair:3   | Reached skill level 9 in Armour
 15400 | Lair:4   | Gained mutation: A meltable icy envelope protects you from
                  | harm. (AC +0) [demonic ancestry]
 15400 | Lair:4   | Reached XP level 13. HP: 70/83 MP: 22/22
 15457 | Lair:4   | Noticed Urug
 15464 | Lair:4   | Killed Urug
 15594 | Lair:4   | Reached skill level 18 in Maces & Flails
 15788 | Lair:4   | Reached skill level 10 in Armour
 15825 | Lair:4   | Received a gift from Nemelex Xobeh
 16306 | Lair:4   | Upgraded the game from 0.28-a0-984-g3775c662fe to
                  | 0.28-a0-991-g956f0ee3d5
 16716 | Lair:5   | Found a viscous altar of Jiyva.
 16716 | Lair:5   | Found a staircase to the Slime Pits.
 16722 | Lair:5   | Received a gift from Nemelex Xobeh
 16750 | Lair:5   | Found a frozen archway.
 17206 | Lair:5   | Reached skill level 3 in Fighting
 17287 | Lair:5   | Received a gift from Nemelex Xobeh
 17319 | Lair:5   | Reached ***** piety under Nemelex Xobeh
 17396 | Lair:5   | Reached skill level 11 in Armour
 17537 | Lair:6   | Entered Level 6 of the Lair of Beasts
 17539 | Lair:6   | Reached skill level 4 in Fighting
 17781 | Lair:5   | Reached skill level 5 in Fighting
 18073 | Lair:6   | Reached skill level 6 in Fighting
 18120 | Lair:6   | Reached XP level 14. HP: 51/101 MP: 23/23
 18198 | Lair:6   | Reached skill level 12 in Armour
 18640 | Lair:6   | Received a gift from Nemelex Xobeh
 18655 | Lair:6   | Reached skill level 7 in Fighting
 19052 | Lair:6   | Reached skill level 8 in Fighting
 20077 | D:11     | Received a gift from Nemelex Xobeh
 20085 | D:11     | Found an ornate altar of the Wu Jian Council.
 20344 | D:12     | Reached skill level 13 in Armour
 20386 | D:12     | Found a corrupted altar of Lugonu.
 20387 | D:12     | Noticed a green very ugly thing
 20593 | D:12     | Reached skill level 9 in Fighting
 20755 | D:12     | Received a gift from Nemelex Xobeh
 20909 | D:12     | Received a gift from Nemelex Xobeh
 20992 | D:12     | Found a transporter.
 20993 | D:12     | Found a transporter.
 21141 | D:12     | Identified the +6 leather armour of the Special Dreams {Fly
                  | Regen+ Dex-2}
 21327 | D:12     | Killed a green very ugly thing
 21367 | D:12     | Identified the amulet "Bikoreuf" {Faith *Corrode +Blink rN+
                  | Will++}
 21399 | D:12     | Got the Collected Works on Freezing Unholy Magic
 21452 | D:13     | Received a gift from Nemelex Xobeh
 21521 | D:13     | Reached skill level 10 in Fighting
 21981 | D:13     | Found a gate to the Vaults.
 22065 | D:13     | Received a gift from Nemelex Xobeh
 22458 | D:13     | You fall into a shaft and drop 2 floors!
 22458 | D:15     | Entered Level 15 of the Dungeon
 22518 | D:15     | Reached XP level 15. HP: 64/117 MP: 24/24
 22527 | D:15     | Reached skill level 14 in Armour
 23168 | D:14     | Reached skill level 11 in Fighting
 23354 | D:14     | Received a gift from Nemelex Xobeh
 24622 | D:15     | Reached skill level 12 in Fighting
 24862 | D:15     | Reached skill level 15 in Armour
 24882 | D:15     | Found a staircase to the Depths.
 25344 | Orc:1    | Entered Level 1 of the Orcish Mines
 25636 | Orc:2    | Entered Level 2 of the Orcish Mines
 25776 | Orc:2    | Reached skill level 13 in Invocations
 25806 | Orc:2    | Received a gift from Nemelex Xobeh
 25808 | Orc:2    | Found a staircase to the Elven Halls.
 25990 | Orc:2    | Reached skill level 14 in Invocations
 26167 | Orc:2    | Reached XP level 16. HP: 107/127 MP: 26/26
 26232 | Orc:2    | Found Ruedd's Jewellery Boutique.
 26232 | Orc:2    | Found Fesed's Distillery.
 26233 | Orc:2    | Found Roghonul's Armour Emporium.
 26233 | Orc:2    | Found Ozijotz's Antique Weapon Boutique.
 26331 | Orc:2    | Found Xumakk's Assorted Antiques.
 26456 | Orc:2    | Found Jotuim's Specific Store.
 26458 | Orc:2    | Found Xeripic's General Store.
 26532 | Orc:2    | Bought a pair of brightly glowing boots for 399 gold pieces
 26532 | Orc:2    | Identified the +0 pair of boots "Ekesao" {Int+3 Dex-4
                  | Stlth+} (You bought it in a shop on level 2 of the Orcish
                  | Mines)
 26555 | Orc:2    | Bought a ring of poison resistance for 260 gold pieces
 26557 | Orc:2    | Bought a potion of curing for 51 gold pieces
 26557 | Orc:2    | Bought a potion of resistance for 170 gold pieces
 26557 | Orc:2    | Bought a potion of curing for 51 gold pieces
 26557 | Orc:2    | Bought a potion of invisibility for 136 gold pieces
 26557 | Orc:2    | Bought a potion of might for 68 gold pieces
 26557 | Orc:2    | Bought a potion of resistance for 170 gold pieces
 26729 | Orc:1    | Found Roxzeq's Magic Scroll Shoppe.
 27047 | Orc:1    | Bought a scroll of enchant weapon for 97 gold pieces
 27047 | Orc:1    | Bought a scroll of enchant armour for 97 gold pieces
 27047 | Orc:1    | Bought a scroll of teleportation for 39 gold pieces
 27047 | Orc:1    | Bought a scroll of fear for 45 gold pieces
 27224 | Snake:1  | Entered Level 1 of the Snake Pit
 27227 | Snake:1  | Received a gift from Nemelex Xobeh
 27249 | Snake:1  | Found a flickering gateway to a bazaar.
 27256 | Bazaar   | Entered a bazaar
 27259 | Bazaar   | Found Xikhoso's Magic Scroll Shop.
 27287 | Bazaar   | Found Jesuschec's Magic Scroll Boutique.
 27312 | Bazaar   | Found Janaeff's General Store.
 27312 | Bazaar   | Found Ygroopp's Assorted Antiques.
 27365 | Bazaar   | Bought a +2 cloak of preservation for 301 gold pieces
 27365 | Bazaar   | Bought a potion of cancellation for 112 gold pieces
 27384 | Bazaar   | Bought a scroll of blinking for 165 gold pieces
 27384 | Bazaar   | Bought a glowing glass wand for 88 gold pieces
 27396 | Bazaar   | Bought a scroll of magic mapping for 31 gold pieces
 27396 | Bazaar   | Bought a scroll of teleportation for 27 gold pieces
 27396 | Bazaar   | Bought a scroll of magic mapping for 31 gold pieces
 27408 | Bazaar   | Bought a scroll of enchant armour for 97 gold pieces
 27408 | Bazaar   | Bought a scroll of teleportation for 39 gold pieces
 27408 | Bazaar   | Bought a scroll of teleportation for 39 gold pieces
 27408 | Bazaar   | Bought a scroll of teleportation for 39 gold pieces
 27711 | Snake:1  | Reached skill level 16 in Armour
 27966 | Snake:1  | Reached skill level 15 in Invocations
 28554 | Snake:1  | Found Adioreph's Antique Armour Emporium.
 29276 | Snake:1  | Received a gift from Nemelex Xobeh
 30286 | Snake:1  | Received a gift from Nemelex Xobeh
 30414 | Snake:1  | Reached skill level 16 in Invocations
 31019 | Snake:2  | Found Deurui's Distillery.
 31082 | Snake:2  | Found Butoalel's General Store.
 32667 | Snake:2  | Received a gift from Nemelex Xobeh
 32959 | Snake:2  | Reached skill level 17 in Armour
 33583 | Snake:3  | Noticed Asterion
 33599 | Snake:3  | Killed Asterion
 33755 | Snake:3  | Noticed Aizul
 33757 | Snake:3  | Noticed Aizul
 33757 | Snake:3  | Aizul changed into Aizul the entropy weaver
 33758 | Snake:3  | Noticed Aizul
 33758 | Snake:3  | Aizul the entropy weaver changed into Aizul the dream sheep
 33761 | Snake:3  | Killed Aizul the dream sheep
 33809 | Snake:3  | Reached skill level 13 in Fighting
 34144 | Snake:3  | Gained mutation: You have hooves in place of feet. [demonic
                  | ancestry]
 34144 | Snake:3  | Reached XP level 17. HP: 83/136 MP: 29/29
 34441 | Snake:3  | Received a gift from Nemelex Xobeh
 34864 | Snake:4  | Entered Level 4 of the Snake Pit
 35557 | Snake:4  | HP: 11/137 [constriction (3)]
 35557 | Snake:4  | Slain by a salamander

Vanquished Creatures
  Asterion (Snake:3)
  An orc warlord (Orc:1)
  An emperor scorpion (D:15)
  A dire elephant (D:15)
  A vault guard (D:13)
  A salamander tyrant (Snake:2)
  8 naga warriors
  6 boulder beetles
  7 hydras
  4 anacondas
  6 ogre magi
  2 catoblepae
  2 centaur warriors
  23 two-headed ogres
  5 death yaks (Lair:6)
  2 tengu warriors (D:15)
  Urug (Lair:4)
  4 naga sharpshooters
  4 shock serpents
  5 salamander mystics
  6 skeletal warriors
  2 sea snakes (Snake:3)
  An iron troll (D:13)
  A death drake (Snake:1)
  4 lindwurms
  A naga ritualist (Snake:1)
  An orc knight (Orc:2)
  Pikel (D:3)
  3 deep elf pyromancers
  3 manticores
  7 mana vipers
  A harpy (Lair:4)
  2 orc sorcerers (Orc:2)
  3 orb spiders
  4 cyclopes
  A large abomination (D:12)
  A wolf spider (Lair:6)
  11 ugly things
  16 salamanders
  A moth of wrath (Orc:1)
  A black mamba (shapeshifter) (D:13)
  5 guardian serpents
  5 elephants (Lair:5)
  18 black mambas
  2 gargoyles
  11 naga magi
  A torpor snail (Lair:5)
  12 cane toads
  An unseen horror (D:12)
  An unseen horror (shapeshifter) (D:13)
  3 kobold demonologists
  7 komodo dragons
  2 freezing wraiths
  An efreet (D:14)
  6 rime drakes
  3 trolls
  2 merfolk
  A meliai (Snake:1)
  A jumping spider (Lair:1)
  3 wind drakes
  4 polar bears
  3 hornets (Lair:6)
  4 raiju
  A slime creature (shapeshifter) (D:12)
  2 snapping turtles
  5 dream sheep
  19 blink frogs
  3 slime creatures
  A meliai zombie (D:10)
  2 shadows (D:12)
  13 spriggans
  8 wyverns
  Sigmund (D:4)
  A redback (Lair:1)
  2 tarantellas (Lair:1)
  52 yaks
  A small abomination (D:12)
  A hog (Snake:1)
  5 basilisks
  A golden eye (Snake:1)
  4 wraiths
  3 steam dragons
  4 vampire mosquitoes (D:10)
  27 nagas
  8 wargs
  Edmund (D:4)
  An acid dragon (D:9)
  16 water moccasins
  2 sky beasts
  24 orc warriors
  3 ice beasts
  6 black bears
  28 wolves
  31 ogres
  3 boggarts (Lair:6)
  3 necrophages
  7 centaurs
  A phantom (D:7)
  2 kobold brigands
  6 bullfrogs
  A wyvern zombie (D:6)
  A gnoll sergeant (D:5)
  9 scorpions
  2 wyvern skeletons (D:7)
  9 killer bees
  7 wights
  7 howler monkeys
  5 lava snakes
  4 centaur zombies
  3 hounds
  18 orc priests
  4 jellies
  6 iguanas
  5 centaur skeletons
  15 orc wizards
  A howler monkey zombie (D:9)
  2 gnolls
  2 adders
  2 shadow imps (D:6)
  A white imp (D:8)
  2 ufetubi
  A worm (Lair:6)
  3 dart slugs
  80 orcs
  3 endoplasms
  7 giant cockroaches
  5 goblins
  6 hobgoblins
  4 quokkas
  7 ball pythons
  6 bats
  2 frilled lizards
  9 kobolds
  5 rats
  A butterfly (D:5)
795 creatures vanquished.

Vanquished Creatures (collateral kills)
  A very ugly thing (D:12)
  A naga warrior (Snake:1)
  An anaconda (Snake:2)
  2 hydras
  A catoblepas (Lair:6)
  4 two-headed ogres
  A sea snake (Snake:3)
  An orc knight (Orc:1)
  4 naga magi
  2 black mambas (Snake:3)
  A blink frog (Lair:6)
  A dream sheep (Snake:3)
  2 spriggans (Lair:6)
  A steam dragon (Lair:6)
  6 nagas
  A small abomination (D:12)
  3 orc warriors (Orc:1)
  2 ogres
  A bullfrog (Lair:6)
  2 orcs (Orc:1)
38 creatures vanquished.

Vanquished Creatures (others)
  An orc (D:10)
  38 fungi
  57 plants
96 creatures vanquished.

Grand Total: 929 creatures vanquished

Table legend: (Time is in decaauts)
 A = Elapsed time spent in this place.
 B = Non-inter-level travel time spent in this place.
 C = Inter-level travel time spent in this place.
 D = Time resting spent in this place.
 E = Time spent auto-exploring this place.
 F = Levels seen in this place.
 G = Mean time per level.
                   A        B        C        D        E       F      G
               +--------+--------+--------+--------+--------+-----+--------+
         Total |  34823 |  33450 |   1373 |   6630 |  21524 |  29 | 1200.8 |
       Dungeon |  16618 |  16017 |    601 |   2149 |  11544 |  15 | 1107.9 |
        Temple |    151 |    139 |     12 |      0 |    123 |   1 |  151.0 |
          Lair |   8249 |   7829 |    420 |   1235 |   5345 |   6 | 1374.8 |
     Snake Pit |   7973 |   7849 |    124 |   3034 |   3646 |   4 | 1993.2 |
  Orcish Mines |   1672 |   1458 |    214 |    210 |    776 |   2 |  836.0 |
        Bazaar |    158 |    158 |      0 |      0 |     89 |   1 |  158.0 |
               +--------+--------+--------+--------+--------+-----+--------+

Top non-repeatable levels by time:
 Snake:1: 3527 daAuts
 Snake:2: 2352 daAuts
  Lair:1: 2057 daAuts
 Snake:3: 2046 daAuts
     D:9: 1828 daAuts
    D:14: 1720 daAuts
  Lair:5: 1539 daAuts
     D:5: 1417 daAuts
  Lair:3: 1366 daAuts
  Lair:6: 1338 daAuts
    D:10: 1220 daAuts
    D:13: 1159 daAuts
  Lair:4: 1156 daAuts
   Orc:2: 1091 daAuts
     D:3: 1074 daAuts

Table legend:
 A = Non-vault XP
 B = Vault XP
 C = Vault XP percentage of total XP
 D = Non-vault monster count
 E = Vault monster count
 F = Vault count percentage of total count
                 A         B        C        D         E       F
            +---------+---------+-------+---------+---------+-------
      Total |  160048 |   64222 |  28.6 |     611 |     224 |  26.8
            +---------+---------+-------+---------+---------+-------
        D:1 |      21 |       0 |   0.0 |      11 |       0 |   0.0
        D:2 |      24 |       0 |   0.0 |      16 |       0 |   0.0
        D:3 |     133 |     617 |  82.3 |      12 |       1 |   7.7
        D:4 |     301 |     376 |  55.5 |       8 |       2 |  20.0
        D:5 |     783 |     947 |  54.7 |      27 |      13 |  32.5
        D:6 |     661 |     928 |  58.4 |      21 |      15 |  41.7
        D:7 |     458 |     267 |  36.8 |       8 |       5 |  38.5
        D:8 |     773 |       0 |   0.0 |      19 |       0 |   0.0
        D:9 |    3446 |     997 |  22.4 |      31 |       6 |  16.2
       D:10 |    3746 |     942 |  20.1 |      16 |      18 |  52.9
       D:11 |    4655 |       0 |   0.0 |      18 |       0 |   0.0
       D:12 |    6100 |    3857 |  38.7 |      23 |       9 |  28.1
       D:13 |    6208 |    2856 |  31.5 |      10 |       5 |  33.3
       D:14 |   14118 |       0 |   0.0 |      31 |       0 |   0.0
       D:15 |   14547 |    2752 |  15.9 |      22 |       4 |  15.4
     Lair:1 |    5269 |    4221 |  44.5 |      17 |      12 |  41.4
     Lair:2 |     956 |     687 |  41.8 |       5 |       4 |  44.4
     Lair:3 |    3443 |    5042 |  59.4 |      14 |      11 |  44.0
     Lair:4 |    8338 |    2619 |  23.9 |      26 |       6 |  18.8
     Lair:5 |    8684 |       0 |   0.0 |      29 |       0 |   0.0
     Lair:6 |   13185 |    9329 |  41.4 |      41 |      50 |  54.9
    Snake:1 |   23687 |       0 |   0.0 |      51 |       0 |   0.0
    Snake:2 |   12363 |    6227 |  33.5 |      30 |      10 |  25.0
    Snake:3 |   18829 |    3175 |  14.4 |      46 |       4 |   8.0
    Snake:4 |     476 |       0 |   0.0 |       1 |       0 |   0.0
      Orc:1 |    5427 |       0 |   0.0 |      47 |       0 |   0.0
      Orc:2 |    3417 |   18383 |  84.3 |      31 |      49 |  61.2
            +---------+---------+-------+---------+---------+-------
